Match 20119485
Unlisted

Match 20119485
End
Kradschützen Motorcycle Team
Panzergrenadier Squad
250 Light Carrier
Construct Light Support Kompanie
Selects Armored Support Battlegroup
Fire Support Elements
Selects Superior Fire Drills
MG34 Team
Flakvierling Half-track
Combat Half-tracks
Vehicle Survival Package
Tungsten Core Ammunition
Construct Mechanized Kompanie
Marder III Tank Destroyer
Support Armor Elements
Pak 38 Anti-tank Gun Team
254 Reconnaissance Tractor
Selects Flammpanzer III Medium Tank Sd.Kfz. 141
Panzergrenadier Squad
AI Takeover
Tacos de Tripas
Daniel
foxypan
Momoko
dirtycrisis
jackal2150
Onisox
Para_Dilshan
0
0

Comments sign in to comment!

No comments posted yet!